Map: Oceanborn LE

Players

Subwayeatn - Winner!

  • Race: Zerg Zerg
  • League: Gold
  • Spawn Location: 11:00

onlyfanns

  • Race: Zerg Zerg
  • League: Platinum
  • Spawn Location: 5:00

VOD

Have the link to the VOD?

Description

Time

  • Played on: Oct. 19, 2023, 12:57 p.m.
  • Length: 11:40
Show
View Real Time Build Order
Export as new Build Order

Subwayeatn Zerg - Winner!

Build Orders: Hatch First 

Get SALT Encoding   

  12  0:00  Drone  
  13  0:19  Overlord  
  13  0:23  Drone  
  14  0:37  Drone x2  
  16  0:50  Hatchery  
  16  0:53  Drone  
  16  0:57  Drone  
  17  1:02  Drone  
  18  1:05  Extractor  
  17  1:16  Spawning Pool  
  16  1:19  Drone  
  17  1:28  Drone  
  18  1:34  Drone  
  19  1:45  Drone  
  20  1:56  Overlord  
  20  2:05  Queen  
  20  2:06  Queen  
  20  2:07  Metabolic Boost  
  24  2:11  Drone  
  25  2:21  Drone x2  
  25  2:22  Drone  
  28  2:38  Drone  
  28  2:39  Drone x2  
  28  2:42  Overlord  
  31  2:53  Drone x2  
  31  2:54  Roach Warren  
  31  2:56  Zergling x2  
  33  3:04  Drone  
  34  3:07  Lair  
  34  3:10  Extractor  
  33  3:13  Extractor  
  33  3:16  Drone  
  33  3:24  Drone x3  
  33  3:25  Drone x2  
  33  3:26  Drone  
  39  3:32  Overlord  
  39  3:47  Drone x4  
  42  4:02  Drone, Evolution Chamber  
  42  4:03  Drone x2  
  42  4:04  Evolution Chamber  
  42  4:05  Drone  
  42  4:08  Drone x2  
  47  4:10  Drone  
  47  4:13  Drone  
  48  4:18  Hatchery  
  47  4:24  Overseer  
  47  4:27  Zerg Missile Weapons Level 1  
  47  4:29  Zerg Ground Armor Level 1  
  47  4:33  Glial Reconstitution  
  47  4:34  Extractor  
  47  4:36  Overlord x2  
  47  4:37  Overlord  
  46  4:51  Drone  
  46  4:52  Drone  
  48  4:55  Queen  
  48  4:59  Roach  
  52  5:00  Roach x5  
  52  5:01  Roach  
  64  5:15  Roach x4  
  72  5:29  Overlord  
  72  5:30  Queen  
  72  5:31  Overlord  
  72  5:33  Roach  
  72  5:34  Roach x2  
  80  5:49  Roach x5  
  94  5:50  Roach x3  
  94  6:31  Spore Crawler  
  94  6:32  Spore Crawler  
  92  6:35  Spore Crawler  
  89  6:41  Spore Crawler  
  82  6:56  Roach  
  82  6:57  Roach x4  
  82  6:59  Spore Crawler  
  85  7:02  Spore Crawler  
  66  7:16  Drone x15  
  75  7:31  Hydralisk Den  
  75  7:33  Drone x5  
  75  7:34  Drone x2, Spore Crawler  
  78  7:47  Zergling x12  
  72  7:58  Spore Crawler  
  71  8:06  Spore Crawler  
  71  8:09  Muscular Augments  
  65  8:23  Hydralisk  
  65  8:24  Hydralisk x7  
  81  8:37  Hydralisk  
  81  8:40  Overlord x4  
  81  8:41  Overlord x2  
  80  8:44  Queen  
  77  9:01  Zerg Missile Weapons Level 2  
  77  9:08  Evolution Chamber  
  76  9:13  Grooved Spines  
  76  9:17  Spore Crawler  
  76  9:18  Spore Crawler  
  76  9:20  Spore Crawler  
  76  9:22  Zergling x2  
  76  9:23  Zergling x28, Spore Crawler  
  86  9:33  Extractor x2  
  84  9:39  Drone x3  
  84  10:15  Drone x4  
  84  10:18  Hatchery  
  83  10:42  Queen  
  85  10:43  Drone  
  85  10:44  Hydralisk  
  85  10:45  Hydralisk x8  
  85  10:47  Zergling x2  
  105  10:51  Overlord x3  
  105  10:52  Overlord x2  
Show
View Real Time Build Order
Export as new Build Order

onlyfanns Zerg 

Build Orders: Hatch First 

Get SALT Encoding   

  12  0:03  Drone  
  13  0:11  Drone  
  14  0:21  Overlord  
  14  0:46  Hatchery  
  14  0:47  Drone  
  14  1:00  Evolution Chamber  
  14  1:06  Spawning Pool  
  14  1:10  Drone  
  14  1:18  Drone  
  14  1:19  Drone  
  14  1:23  Drone  
  17  1:39  Drone  
  18  1:43  Overlord  
  18  1:55  Queen  
  18  1:58  Drone  
  18  2:00  Extractor  
  18  2:01  Drone  
  21  2:03  Queen  
  23  2:10  Spine Crawler  
  22  2:17  Drone  
  22  2:19  Drone x2  
  25  2:26  Drone  
  26  2:36  Drone x2  
  28  2:38  Drone  
  29  2:47  Extractor  
  29  2:50  Drone x2  
  30  3:12  Drone x4  
  34  3:14  Hatchery  
  34  3:15  Lair  
  33  3:21  Drone x2  
  33  3:24  Drone  
  36  3:42  Overlord  
  36  3:44  Overlord  
  36  3:58  Overlord  
  36  4:00  Queen  
  38  4:04  Drone x5  
  38  4:08  Drone x2  
  45  4:20  Spire  
  45  4:23  Extractor  
  45  4:24  Drone x2  
  44  4:25  Extractor  
  44  4:33  Queen  
  44  4:34  Drone  
  44  4:37  Drone  
  44  4:38  Spine Crawler  
  47  4:40  Drone x2  
  49  4:48  Drone x3  
  49  4:52  Drone  
  53  4:54  Drone  
  53  4:55  Drone  
  53  4:57  Drone  
  56  5:02  Drone x2  
  56  5:03  Drone x2  
  60  5:09  Extractor x2  
  60  5:10  Drone  
  59  5:16  Drone x3  
  62  5:25  Overlord  
  62  5:26  Overlord x2  
  62  5:40  Drone x3  
  65  5:44  Drone x4  
  65  5:46  Drone x3  
  72  5:54  Spine Crawler  
  72  5:55  Spine Crawler  
  72  5:56  Spine Crawler x2  
  72  5:57  Mutalisk x2  
  76  6:05  Mutalisk x3  
  76  6:06  Mutalisk x3  
  76  6:07  Mutalisk  
  82  6:18  Lair  
  82  6:21  Mutalisk x2  
  83  6:42  Overlord  
  83  6:49  Hatchery  
  83  6:51  Mutalisk  
  84  7:02  Overlord x3  
  79  7:12  Mutalisk x5  
  85  7:26  Drone  
  85  7:27  Drone x2  
  87  7:47  Mutalisk x2  
  87  7:48  Mutalisk x3  
  87  7:49  Extractor x2  
  77  8:20  Spire  
  77  8:21  Spawning Pool  
  43  9:00  Drone  
  43  9:01  Drone x4  
  44  9:13  Spine Crawler x2  
  44  9:16  Spine Crawler x2  
  40  9:18  Drone x5  
  40  9:19  Drone  
  40  9:20  Spine Crawler x2  
  40  9:21  Spine Crawler x2  
  40  9:22  Spine Crawler  
  41  9:36  Zergling x6  
  41  9:37  Zergling x10  
  49  9:46  Drone x3  
  49  9:51  Zergling x8  
  56  10:07  Infestation Pit  
  37  10:42  Drone x3  
  34  10:48  Drone x5  
  39  11:07  Spine Crawler x3  
  39  11:08  Spine Crawler x3  
  39  11:11  Drone x2, Spine Crawler  
  35  11:13  Spine Crawler  
  29  11:21  Spine Crawler  
Tags
 
Matchup
ZvZ
Race
Zerg
Replay Pack
Multiplayer
Spawn Locations
Cross Positions
Add a new tag
Caveats
  • Supply blocks, unpowered buildings, or Contaminate may cause inaccurate times.
  • Supply counts are checked every 10 seconds.